 Dungeon Crawl Stone Soup version 0.25-a0-161-gb7fd73da8f (webtiles) character file.

Game seed: 2021124337080922468, levelgen mode: deterministic

106 Leeroy the Slasher (level 4, 0/36 HPs)
             Began as a Draconian Skald on Nov 21, 2019.
             Killed themself with a badly aimed fireball (4 damage)
             ... on level 4 of the Dungeon.
             The game lasted 00:05:44 (2279 turns).

Leeroy the Slasher (Draconian Skald)                Turns: 2279, Time: 00:05:45

Health: 0/36       AC:  5    Str: 13    XL:     4   Next: 55%
Magic:  6/7        EV: 12    Int: 15    God:
Gold:   115        SH:  0    Dex: 10    Spells: 1/7 levels left

rFire    . . .     SeeInvis .   a - +0 falchion
rCold    . . .     Gourm    .   (no shield)
rNeg     . . .     Faith    .   (armour unavailable)
rPois    .         Spirit   .   (helmet restricted)
rElec    .         Reflect  .   (no cloak)
rCorr    .         Harm     .   (no gloves)
MR       .....                  (no boots)
Stlth    +.........             (no amulet)
HPRegen  0.12/turn              (no ring)
MPRegen  0.10/turn              (no ring)

@: drained
A: unfitting armour, cold-blooded, AC +5
a: no special abilities


You were on level 4 of the Dungeon.
You were hungry.

You visited 1 branch of the dungeon, and saw 4 of its levels.

You collected 115 gold pieces.

Inventory:

Hand Weapons
 a - a +0 falchion (weapon)
 m - a +1 whip of draining
Missiles
 n - 21 poisoned darts (quivered)
Armour
 e - a +0 large shield
Jewellery
 g - an uncursed ring of poison resistance {unknown}
Wands
 i - a wand of random effects (19)
 o - a wand of flame (13)
Scrolls
 b - a scroll of fear {unknown}
 d - 5 scrolls of remove curse {unknown}
 f - a scroll of teleportation {unknown}
 h - a scroll of enchant armour {unknown}
 j - a scroll of identify {unknown}
 k - a scroll of blinking {unknown}
 l - a scroll of magic mapping {unknown}
Comestibles
 c - 3 rations


   Skills:
 - Level 2.1(1.4) Fighting
 - Level 4.2(3.4) Long Blades
 - Level 2.1(1.3) Dodging
 - Level 2.0(1.2) Spellcasting
 + Level 1.8(1.1) Hexes
 - Level 2.6(1.9) Charms


You had one spell level left.
You knew the following spells:

 Your Spells              Type           Power        Failure   Level  Hunger
a - Infusion              Chrm           #...         11%         1    ##.....
b - Spectral Weapon       Hex/Chrm       #.......     36%         3    ####...
c - Shroud of Golubria    Chrm/Tloc      #.....       24%         2    ###....

Your spell library contained the following spells:

 Spells                   Type           Power        Failure   Level  Hunger
 Song of Slaying          Chrm           #.......     17%         2    ###....
 Regeneration             Chrm/Necr      #.........   43%         3    ####...


Dungeon Overview and Level Annotations

Branches:
Dungeon (4/15)
 Temple: D:4-7

Altars:
Vehumet

Annotations:
D:2 Sigmund, Terence


Innate Abilities, Weirdness & Mutations

Your plain brown scales are hard. (AC +5)
You cannot fit into any form of body armour.
You are cold-blooded and may be slowed by cold attacks.


Message History

The iguana is moderately wounded.
The iguana misses you.
You closely miss the iguana.
The iguana is moderately wounded.
The iguana bites you!
* * * LOW HITPOINT WARNING * * *
Your shroud falls apart!
You aren't carrying any potions.
Okay, then.
Casting: Shroud of Golubria (safe; 24% risk of failure)
Confirm with . or Enter, or press ? or * to list all spells.
Okay, then.
Evoke which item? (* to show all) (? for menu, Esc to quit)
Aiming: Random Effects
Press: ? - help, Shift-Dir - straight line, f - iguana
Aim: an iguana (moderately wounded)
The fireball explodes!
The fireball engulfs the iguana.
The iguana is heavily wounded.
The fireball engulfs you.
You die...

........## #.##..
######...## #....(
..........# ####.#
#.#####....#######.#
......#........>...#
#..........#########
#.######.###
#.######.#
#..@l....#
##########


You could see an iguana.

Vanquished Creatures
  A hound skeleton (D:4)
  2 adders (D:3)
  An ooze (D:1)
  4 dart slugs
  A leopard gecko (D:3)
  6 orcs (D:3)
  2 giant cockroaches (D:3)
  2 goblins
  8 hobgoblins
  3 jackals (D:1)
  2 quokkas (D:3)
  A ball python (D:1)
  7 bats
  5 frilled lizards
  3 kobolds
  A leopard gecko skeleton (D:4)
  A quokka skeleton (D:4)
  7 rats
57 creatures vanquished.

Notes
Turn   | Place    | Note
-------+----------+-------------------------------------------
     0 | D:1      | Leeroy the Draconian Skald began the quest for the Orb.
     0 | D:1      | Reached XP level 1. HP: 17/17 MP: 3/3
   121 | D:1      | Reached XP level 2. HP: 22/24 MP: 5/5
   208 | D:1      | You fall into a shaft and drop 1 floor!
   211 | D:2      | Noticed Sigmund
   213 | D:2      | Noticed Terence
   215 | D:2      | Reached skill level 3 in Long Blades
   481 | D:1      | Reached XP level 3. HP: 28/29 MP: 6/6
   486 | D:1      | Learned a level 3 spell: Spectral Weapon
   489 | D:1      | Learned a level 2 spell: Shroud of Golubria
   948 | D:3      | Reached skill level 4 in Long Blades
  1263 | D:3      | Reached XP level 4. HP: 32/36 MP: 0/7
  1490 | D:3      | Reached skill level 1 in Hexes
  1769 | D:3      | Found a faded altar of an unknown god.
  2107 | D:4      | Found a radiant altar of Vehumet.
  2279 | D:4      | Killed themself with a badly aimed fireball

Levels and vault maps discovered:
D:1:      lightli_arrival_lavapool, layout_basic, minmay_pentomino_o2
D:2:      layout_loops_ring, uniq_terence, uniq_sigmund
D:3:      layout_basic, serial_glass, glass_columns_a, glass_columns_b,
          chequers_ecumenical_altar_lobes
D:4:      layout_loops_corners, evilmike_ruin_ashenzari, vehumet_altar_wand_db

Skill      XL: |  1  2  3  4 |
---------------+-------------+-----
Long Blades    | 3 4 |  4.2
Hexes          | 1 |  1.8
Fighting       | |  2.1
Dodging        | |  2.1
Spellcasting   | |  2.0
Charms         | |  2.6

Action                   |  1- 3 |  4- 6 || total
-------------------------+-------+-------++-------
Melee: Falchion          |   110 |    64 ||   174
       Tailslap          |    13 |     4 ||    17
Throw: Dart              |       |     1 ||     1
 Cast: Shroud of Golubri |     2 |     4 ||     6
       Spectral Weapon   |     2 |     1 ||     3
  Use: Potion            |       |     1 ||     1
 Stab: Distracted        |     1 |       ||     1
       Sleeping          |       |     1 ||     1
  Eat: Chunk             |     2 |     3 ||     5
Armor: Skin              |    56 |    25 ||    81
Dodge: Dodged            |   121 |    50 ||   171
       Rpst.: Falchion   |    40 |    17 ||    57

Table legend:
 A = Non-vault XP
 B = Vault XP
 C = Vault XP percentage of total XP
 D = Non-vault monster count
 E = Vault monster count
 F = Vault count percentage of total count
                 A         B        C        D         E       F
            +---------+---------+-------+---------+---------+-------
      Total |     149 |       3 |   2.0 |      55 |       2 |   3.5
            +---------+---------+-------+---------+---------+-------
        D:1 |      45 |       1 |   2.2 |      23 |       1 |   4.2
        D:2 |       6 |       0 |   0.0 |       4 |       0 |   0.0
        D:3 |      78 |       0 |   0.0 |      25 |       0 |   0.0
        D:4 |      20 |       2 |   9.1 |       3 |       1 |  25.0
            +---------+---------+-------+---------+---------+-------
